 Dungeon Crawl Stone Soup version 0.30.1-11-g7821555f0a (webtiles) character file.

Game seed: 17641191892236667150

289 KittyFluff the Cudgeller (level 6, 0/39 HPs)
             Began as a Gargoyle Berserker on Nov 6, 2023.
             Was a Believer of Trog.
             Killed from afar by an orc wizard (1 damage)
             ... with a magic dart
             ... on level 2 of the Dungeon.
             The game lasted 00:10:15 (2535 turns).

KittyFluff the Cudgeller (Gargoyle Berserker)       Turns: 2535, Time: 00:10:15

Health: 0/39       AC:  6    Str: 22    XL:     6   Next: 31%
Magic:  0/6        EV: 11    Int:  8    God:    Trog [**....]
Gold:   96         SH:  0    Dex:  9    Spells: 5/5 levels left

rFire   . . .        a - +0 mace
rCold   . . .        (no shield)
rNeg    + . .        b - +0 animal skin
rPois   ∞            (no helmet)
rElec   +            (no cloak)
rCorr   .            (no gloves)
SInv    .            (no boots)
Will    .....        g - amulet of guardian spirit
Stlth   +            (no ring)
HPRegen 0.26/turn    (no ring)
MPRegen 0.10/turn

%: guardian spirit
@: on berserk cooldown
A: sickness immunity, AC +4, negative energy resistance 1, electricity
resistance, torment resistance 1, petrification resistance
a: Renounce Religion, Berserk, Trog's Hand


You were on level 2 of the Dungeon.
You worshipped Trog.
Trog was pleased with you.
You visited 1 branch of the dungeon, and saw 3 of its levels.
You also visited: Sewer.

You collected 96 gold pieces.

Inventory:

Hand Weapons
 a - a +0 mace (weapon)
 f - a +0 sling
Missiles
 h - 6 poisoned darts (quivered)
 n - 2 curare-tipped darts
Armour
 b - a +0 animal skin (worn)
Jewellery
 g - an amulet of guardian spirit (around neck)
Scrolls
 i - 2 scrolls of fog {unknown}
 j - a scroll of blinking {unknown}
 k - a scroll of silence {unknown}
 l - a scroll of magic mapping {unknown}
 m - 2 scrolls of summoning {unknown}
 o - a scroll of teleportation {unknown}
 p - a scroll of fear
Potions
 c - 2 potions of ambrosia
 d - 2 potions of mutation
 e - 2 potions of lignification
 r - a potion of brilliance {unknown}


   Skills:
 + Level 4.4 Fighting
 * Level 4.8 Maces & Flails
 * Level 4.7 Armour
 - Level 1.5 Dodging


You had 5 spell levels left.
You didn't know any spells.
Your spell library was empty.

Dungeon Overview and Level Annotations

Branches:
Dungeon (3/15)              Sewer (visited)

Altars:


Innate Abilities, Weirdness & Mutations

You are immune to sickness and miasma.
Your stone body is resilient. (AC +4)
You are immune to poison.
You resist negative energy. (rN+)
You are resistant to electric shocks. (rElec)
You are resistant to unholy torment.
You are immune to petrification.


Message History

The orc wizard barely misses you.
You hit the orc wizard but do no damage.
Your punch misses the orc wizard.
The orc wizard is heavily wounded.
The orc wizard hits you with a +0 dagger.
* * * LOW HITPOINT WARNING * * *
The orc wizard mumbles some strange words.
The orc wizard flickers and vanishes!
Deactivating autopickup; reactivate with Ctrl-A.
You closely miss something.
You hear some strange, mumbled words.
A magic dart appears from out of thin air!
The magic dart hits you.
* * * LOW HITPOINT WARNING * * *
You hear some strange, mumbled words.
Something tries to affect you, but you resist.
You closely miss something. Something hits you.
You hit something but do no damage. Something hits you but does no damage.
You hear some strange, mumbled words.
Something tries to affect you, but you resist.
You closely miss something.
You feel yourself speed up. Something hits you.
* * * LOW HITPOINT WARNING * * *
Something hits you but does no damage.
You miss something.
You hear some strange, mumbled words.
A magic dart appears from out of thin air!
The magic dart hits you.
* * * LOW HITPOINT WARNING * * *
You hit something but do no damage. Something hits you.
* * * LOW HITPOINT WARNING * * *
You barely miss something. Something hits you.
* * * LOW HITPOINT WARNING * * *
Something hits you but does no damage.
You hit something.
You hear some strange, mumbled words.
A magic dart appears from out of thin air!
The magic dart hits you.
You die...

.# #.# #.#
.# #.# #.#
.# #.# #.#
.# #.# #.#
<# ##.#
#.# .#
#..# #.#
.# #.##
#.# .###.#
#.######
.....#
#....)@#
###..#
######{#
#..# #.#
#..# #.# #
#..# #.#
###..# #.#
.##..# #.#
.....# #.#
.#####
########.#


There were no monsters in sight!

Vanquished Creatures
  2 kobold brigands (Sewer)
  5 adders
  6 river rats
  A worm (D:2)
  2 dart slugs (D:2)
  2 orcs
  2 endoplasms
  A giant cockroach (D:2)
  2 goblins (D:2)
  2 hobgoblins (D:1)
  A jackal (Sewer)
  A quokka (D:3)
  10 ball pythons
  3 frilled lizards (Sewer)
  3 kobolds
  7 rats
50 creatures vanquished.

Notes
Turn   | Place    | Note
-------+----------+-------------------------------------------
     0 | D:1      | KittyFluff the Gargoyle Berserker began the quest for the
                  | Orb.
     0 | D:1      | Reached XP level 1. HP: 14/14 MP: 1/1
     0 | D:1      | Noticed a dwarf
     1 | D:1      | Noticed a naga
     1 | D:1      | Noticed a human
     4 | D:1      | Noticed a minotaur
     7 | D:1      | Noticed a troll
     8 | D:1      | Noticed a troll
     9 | D:1      | Noticed an octopode
    11 | D:1      | Noticed a tengu
    14 | D:1      | Noticed an ogre
    15 | D:1      | Noticed a gargoyle
    15 | D:1      | Noticed a demigod
    17 | D:1      | Noticed an elf
    19 | D:1      | Noticed a gargoyle
   654 | D:2      | Reached XP level 2. HP: 11/19 MP: 2/2
   873 | D:2      | Reached XP level 3. HP: 23/23 MP: 3/3
  1074 | D:2      | Found a faded altar of an unknown god.
  1237 | D:3      | Found a glowing drain.
  1347 | Sewer    | Entered a sewer
  1382 | Sewer    | Reached XP level 4. HP: 23/29 MP: 1/4
  1512 | Sewer    | Noticed a kobold brigand
  1543 | Sewer    | Killed a kobold brigand
  1544 | Sewer    | Reached XP level 5. HP: 20/33 MP: 2/5
  2086 | Sewer    | Reached ** piety under Trog
  2180 | Sewer    | Noticed a kobold brigand
  2198 | Sewer    | Killed a kobold brigand
  2199 | Sewer    | Reached XP level 6. HP: 36/39 MP: 2/6
  2534 | D:2      | HP: 1/39 [something (2)]
  2535 | D:2      | Killed from afar by an orc wizard

Illustrated notes

Levels and vault maps discovered:
D:1:      shiori_arrival_whats_in_store_for_you, layout_basic
D:2:      layout_loops_ring, shapermc_ecumenical_altar_petra
D:3:      layout_rooms, mainiacjoe_overflow_paths,
          pdpol_wu_jian_five_deadly_venoms, cheibrodos_sewer_entry_sluice,
          minmay_quantized

Skill      XL: |  1  2  3  4 |
---------------+-------------+-----
Armour         | 3 4 |  4.7
Fighting       | 4 |  4.4
Maces & Flails | 4 |  4.8
Dodging        | |  1.5

Action                     |  1- 3 |  4- 6 || total
---------------------------+-------+-------++-------
  Melee: Mace              |    74 |   234 ||   308
         Punch             |       |     2 ||     2
 Invoke: Berserk           |       |     4 ||     4
    Use: Scroll            |     3 |     2 ||     5
         Potion            |       |     1 ||     1
 Armour: Animal skin       |    25 |    67 ||    92
  Dodge: Dodged            |    46 |   138 ||   184
